 Dungeon Crawl Stone Soup version 0.30-a0-168-g0b976cbdc4 (webtiles) character file.

Game seed: 1844833921852198076

977 qw the Chopper (level 8, -13/49 HPs)
             Began as a Gargoyle Fighter on Sept 29, 2022.
             Was a Follower of Okawaru.
             Mangled by Maggie
             ... wielding a +1 morningstar of flaming
              (18 damage)
             ... on level 6 of the Dungeon.
             The game lasted 00:02:07 (5820 turns).

qw the Chopper (Gargoyle Fighter)                   Turns: 5820, Time: 00:02:08

Health: -13/49     AC: 17    Str: 22    XL:     8   Next: 17%
Magic:  8/10       EV: 11    Int:  9    God:    Okawaru [*.....]
Gold:   168        SH:  5    Dex:  9    Spells: 7/7 levels left

rFire   . . .      SeeInvis .    Y - +0 war axe
rCold   . . .      Faith    .    c - +0 buckler
rNeg    + . .      Spirit   .    b - +0 scale mail
rPois   inf        Reflect  .    (no helmet)
rElec   +          Harm     .    j - +0 cloak
rCorr   .          Rampage  .    n - +0 pair of gloves
Will    .....                    i - +0 pair of boots
Stlth   +.........               (no amulet)
HPRegen 0.16/turn                (no ring)
MPRegen 0.12/turn                (no ring)

@: about to teleport, heroic, mesmerised
A: sickness immunity, AC +5, negative energy resistance 1, electricity
resistance, torment resistance 1, petrification resistance
a: Renounce Religion, Heroism


You were on level 6 of the Dungeon.
You worshipped Okawaru.
Okawaru was aware of your devotion.
You visited 2 branches of the dungeon, and saw 7 of its levels.

You collected 168 gold pieces.


Innate Abilities, Weirdness & Mutations

You are immune to sickness and miasma.
Your stone body is resilient. (AC +5)
You are immune to poison.
You resist negative energy. (rN+)
You are resistant to electric shocks. (rElec)
You are resistant to unholy torment.
You are immune to petrification.


   Skills:
 - Level 5.0(10.0) Fighting
 - Level 7.2(12.2) Axes
 + Level 0.0(5.0) Throwing
 - Level 3.2(8.2) Armour
 - Level 1.4(6.4) Dodging
 - Level 3.2(8.2) Shields
 + Level 2.9 Invocations


You had 7 spell levels left.
You didn't know any spells.
Your spell library was empty.

Inventory:

Hand Weapons
 r - a +0 flail
 Y - a +0 war axe (weapon)
Missiles
 s - 6 boomerangs (quivered)
Armour
 a - the +1 robe "Daejo" {rC+ Int+4 Dex+3 Stlth-}
   (You found it on level 3 of the Dungeon)

   Int:       It affects your intelligence (+4).
   Dex:       It affects your dexterity (+3).
   rC:        It protects you from cold.
   Stlth:     It makes you less stealthy.
 b - a +0 scale mail (worn)
 c - a +0 buckler (worn)
 i - a +0 pair of boots (worn)
 j - a +0 cloak (worn)
 n - a +0 pair of gloves (worn)
Jewellery
 g - a ring of ice
 p - a ring of ice
Scrolls
 m - 2 scrolls of identify
Potions
 d - 2 potions of might
 e - a potion of flight {unknown}
 f - 3 potions of curing
 h - a potion of cancellation {unknown}
 k - a potion of haste {unknown}
 l - 2 potions of mutation {unknown}
 o - a potion of attraction

Dungeon Overview and Level Annotations

Branches:
Dungeon (6/15)             Temple (1/1) D:4

Altars:
Ashenzari
Cheibriados
Dithmenos
Elyvilon
Fedhas
Gozag
Kikubaaqudgha
Makhleb
Nemelex Xobeh
Okawaru
Ru
Trog
Uskayaw
Vehumet
Yredelemnul
Zin
The Shining One

Annotations:
D:3 1 runed translucent door, Crazy Yiuf
D:6 Maggie


Message History

Maggie shouts!
Maggie says, "Leave now, and tell all of Margery's mercy!"
Maggie gestures wildly while chanting.
Maggie attempts to bespell you! You resist with almost no effort.
5807 ||| Stepping ~*~*~tactically~*~*~ (hiding).
You start waiting.
Maggie is nearby!
5809 ||| Stepping ~*~*~tactically~*~*~ (hiding).
You barely miss Maggie. Maggie misses you.
You closely miss Maggie. You block Maggie's attack.
You barely miss Maggie. Maggie closely misses you.
Maggie hits you with a +1 morningstar of flaming.
Maggie burns you.
You closely miss Maggie. Maggie gestures at you while chanting.
The bolt of fire hits you!
You closely miss Maggie.
Maggie hits you with a +1 morningstar of flaming.
Maggie burns you.
You barely miss Maggie.
Maggie hits you with a +1 morningstar of flaming.
Maggie burns you.
5817 ||| INVOKING Heroism.
You gain the combat prowess of a mighty hero.
Maggie drinks a potion.
Maggie seems to grow stronger.
You closely miss Maggie.
Maggie gestures wildly while chanting.
Maggie attempts to bespell you!
You are mesmerised by Maggie!
You closely miss Maggie.
Maggie hits you with a +1 morningstar of flaming!!
Maggie burns you.
5820 ||| READING scroll of teleportation.
As you read the scroll of teleportation, it crumbles to dust.
You feel strangely unstable.
Maggie hits you with a +1 morningstar of flaming!!
You die...

...........>...#### #
....##...........#..
#......##......##.....
...#.##......#####..#
.##.........###.#..#
...###...........##
...##........)###
####@...........###
##..$@.............#
#.......##.....(...#
##..##............##
### #..........###
###........#
#........# ##....#...#
##...####..# #)...#
..#


You could see Maggie (mesmerising, strong).

Vanquished Creatures
  An ice beast (D:5)
  A black bear (D:4)
  An ogre (D:5)
  2 phantoms (D:5)
  A necrophage (D:5)
  2 scorpions
  A hound (D:4)
  3 orc priests
  3 iguanas
  4 gnolls
  7 adders
  A shadow imp (D:5)
  An ufetubus (D:4)
  4 dart slugs
  10 orcs
  3 ball pythons
  6 endoplasms
  4 giant cockroaches
  4 goblins
  4 hobgoblins
  2 jackals (D:2)
  5 kobolds
  A quokka (D:3)
  7 bats
  A frilled lizard (D:3)
  8 rats
87 creatures vanquished.

Vanquished Creatures (others)
  A demonic plant (D:2)
  4 fungi (D:2)
  A plant (D:2)
6 creatures vanquished.

Grand Total: 93 creatures vanquished

Notes
Turn   | Place    | Note
-------+----------+-------------------------------------------
     0 | D:1      | qw the Gargoyle Fighter began the quest for the Orb.
     0 | D:1      | Reached XP level 1. HP: 14/14 MP: 1/1
     0 | D:1      | 0 ||| qw: Version: 0.2-a-12-gaebbb33
     0 | D:1      | 0 ||| qw: Game counter: 1248
     0 | D:1      | 0 ||| qw: Always use a shield: true
     0 | D:1      | 0 ||| qw: God list: Okawaru
     0 | D:1      | 0 ||| qw: Allow faded altars: false
     0 | D:1      | 0 ||| qw: Do Orc after D:15 true
     0 | D:1      | 0 ||| qw: Do second Lair branch before Depths: true
     0 | D:1      | 0 ||| qw: Lair rune preference: random
     0 | D:1      | 0 ||| qw: Plans: Normal, Zot:1-4, God:TSO, Crypt, Tomb,
                  | Pan, Slime:5, Hells, Abyss, Orb
     0 | D:1      | 0 ||| PLANNING D:1-11
    95 | D:1      | 95 ||| Stepping ~*~*~tactically~*~*~ (stealth).
    96 | D:1      | 96 ||| Stepping ~*~*~tactically~*~*~ (stealth).
   101 | D:1      | Reached skill level 2 in Axes
   204 | D:1      | Reached XP level 2. HP: 19/19 MP: 2/2
   210 | D:1      | 210 ||| Stepping ~*~*~tactically~*~*~ (stealth).
   342 | D:1      | 342 ||| Stepping ~*~*~tactically~*~*~ (hiding).
   484 | D:1      | Reached skill level 3 in Axes
   484 | D:1      | Reached XP level 3. HP: 23/23 MP: 3/3
   714 | D:1      | 714 ||| UPGRADING to +0 pair of boots.
   719 | D:1      | 719 ||| UPGRADING to +0 cloak.
   724 | D:1      | 724 ||| READING scroll labelled RED NIXZIGYEC.
   725 | D:1      | 725 ||| READING scroll labelled ZIQOOMO RUSHI.
   867 | D:2      | 867 ||| READING scroll labelled LERUTU ROJOSM.
   868 | D:2      | 868 ||| READING scroll labelled OLOBAY UCIM.
   870 | D:2      | 870 ||| FLEEEEING.
   938 | D:2      | Found a faded altar of an unknown god.
  1138 | D:2      | Reached XP level 4. HP: 28/28 MP: 4/4
  1254 | D:2      | 1254 ||| READING scroll labelled WIHYUV TULIAFUMO.
  1255 | D:2      | 1255 ||| READING scroll labelled ROGUONASIT.
  1256 | D:2      | 1256 ||| DRINKING 2 dark potions.
  1257 | D:2      | 1257 ||| DRINKING 2 viscous pink potions.
  1258 | D:2      | 1258 ||| DROPPING potion of brilliance.
  1341 | D:3      | Reached skill level 4 in Axes
  1406 | D:3      | 1406 ||| Stepping ~*~*~tactically~*~*~ (stealth).
  1695 | D:3      | 1695 ||| Stepping ~*~*~tactically~*~*~ (stealth).
  1837 | D:3      | 1837 ||| Stepping ~*~*~tactically~*~*~ (hiding).
  1850 | D:3      | Reached XP level 5. HP: 29/32 MP: 5/5
  1856 | D:3      | 1856 ||| FLEEEEING.
  1857 | D:3      | 1857 ||| FLEEEEING.
  1858 | D:3      | 1858 ||| FLEEEEING.
  1859 | D:3      | 1859 ||| FLEEEEING.
  1860 | D:3      | 1860 ||| FLEEEEING.
  1861 | D:3      | 1861 ||| FLEEEEING.
  1862 | D:3      | 1862 ||| FLEEEEING.
  1863 | D:3      | 1863 ||| FLEEEEING.
  1864 | D:3      | 1864 ||| FLEEEEING.
  1865 | D:3      | 1865 ||| FLEEEEING.
  1866 | D:3      | 1866 ||| FLEEEEING.
  1867 | D:3      | 1867 ||| FLEEEEING.
  1957 | D:3      | 1957 ||| STAIRDANCE
  1960 | D:2      | 1960 ||| UPGRADING to +0 pair of gloves.
  1965 | D:2      | 1965 ||| READING 2 scrolls labelled UGRAGETZOWEO.
  1966 | D:2      | 1966 ||| READING 2 scrolls of identify.
  1966 | D:2      | 1966 ||| IDENTIFYING yellow potion
  1967 | D:2      | 1967 ||| DROPPING scroll of noise.
  1968 | D:2      | 1968 ||| DROPPING potion of invisibility.
  1981 | D:3      | Identified the +1 robe "Daejo" {rC+ Int+4 Dex+3 Stlth-}
  2006 | D:3      | 2006 ||| DROPPING +0 whip.
  2008 | D:3      | Found a runed translucent door.
  2009 | D:3      | Noticed Crazy Yiuf
  2092 | D:3      | 2092 ||| Stepping ~*~*~tactically~*~*~ (stealth).
  2322 | D:4      | Noticed a black bear
  2333 | D:4      | Reached skill level 5 in Axes
  2336 | D:4      | Killed a black bear
  2337 | D:4      | Reached XP level 6. HP: 25/39 MP: 6/6
  2457 | D:4      | 2457 ||| Stepping ~*~*~tactically~*~*~ (stealth).
  2495 | D:4      | Found a staircase to the Ecumenical Temple.
  2496 | D:4      | 2496 ||| PLANNING TEMPLE
  2499 | D:4      | 2499 ||| FLEEEEING.
  2500 | D:4      | 2500 ||| FLEEEEING.
  2509 | D:4      | 2509 ||| FLEEEEING.
  2510 | D:4      | 2510 ||| FLEEEEING.
  2511 | D:4      | 2511 ||| FLEEEEING.
  2512 | D:4      | 2512 ||| FLEEEEING.
  2513 | D:4      | 2513 ||| FLEEEEING.
  2514 | D:4      | 2514 ||| FLEEEEING.
  2515 | D:4      | 2515 ||| FLEEEEING.
  2516 | D:4      | 2516 ||| FLEEEEING.
  2517 | D:4      | 2517 ||| FLEEEEING.
  2518 | D:4      | 2518 ||| FLEEEEING.
  2519 | D:4      | 2519 ||| FLEEEEING.
  2520 | D:4      | 2520 ||| FLEEEEING.
  2521 | D:4      | 2521 ||| STAIRDANCE
  2593 | D:4      | 2593 ||| STAIRDANCE
  2666 | D:4      | 2666 ||| STAIRDANCE
  2774 | D:4      | Reached skill level 1 in Dodging
  2779 | D:4      | 2779 ||| FLEEEEING.
  2780 | D:4      | 2780 ||| FLEEEEING.
  2781 | D:4      | 2781 ||| FLEEEEING.
  2782 | D:4      | 2782 ||| FLEEEEING.
  2791 | D:4      | 2791 ||| FLEEEEING.
  2792 | D:4      | 2792 ||| FLEEEEING.
  2793 | D:4      | 2793 ||| FLEEEEING.
  2794 | D:4      | 2794 ||| FLEEEEING.
  2795 | D:4      | 2795 ||| FLEEEEING.
  2796 | D:4      | 2796 ||| FLEEEEING.
  2797 | D:4      | 2797 ||| FLEEEEING.
  2798 | D:4      | 2798 ||| FLEEEEING.
  2799 | D:4      | 2799 ||| FLEEEEING.
  2800 | D:4      | 2800 ||| FLEEEEING.
  2801 | D:4      | 2801 ||| FLEEEEING.
  2802 | D:4      | 2802 ||| FLEEEEING.
  2803 | D:4      | 2803 ||| FLEEEEING.
  2804 | D:4      | 2804 ||| STAIRDANCE
  2879 | D:4      | 2879 ||| STAIRDANCE
  3041 | Temple   | Entered the Ecumenical Temple
  3041 | Temple   | Found a transporter.
  3041 | Temple   | Found a transporter.
  3043 | Temple   | Found a transporter.
  3043 | Temple   | Found a transporter.
  3053 | Temple   | 3053 ||| PLANNING D:1-11
  3114 | Temple   | 3114 ||| PLANNING OKAWARU WORSHIP
  3117 | Temple   | Became a worshipper of Warmaster Okawaru
  3118 | Temple   | 3118 ||| PLANNING D:1-11
  3583 | D:5      | Entered Level 5 of the Dungeon
  3627 | D:5      | 3627 ||| Stepping ~*~*~tactically~*~*~ (stealth).
  3629 | D:5      | 3629 ||| Stepping ~*~*~tactically~*~*~ (stealth).
  3631 | D:5      | 3631 ||| Stepping ~*~*~tactically~*~*~ (hiding).
  3853 | D:5      | Reached XP level 7. HP: 26/44 MP: 7/7
  3999 | D:5      | HP: 6/44 [ogre/+0 giant club (21)]
  4002 | D:5      | Reached skill level 6 in Axes
  4589 | D:5      | 4589 ||| Stepping ~*~*~tactically~*~*~ (stealth).
  4592 | D:5      | 4592 ||| Stepping ~*~*~tactically~*~*~ (stealth).
  4593 | D:5      | 4593 ||| Stepping ~*~*~tactically~*~*~ (stealth).
  4600 | D:5      | 4600 ||| Stepping ~*~*~tactically~*~*~ (stealth).
  4611 | D:5      | Reached * piety under Okawaru
  4629 | D:5      | 4629 ||| DROPPING +0 hammer of protection.
  4718 | D:5      | Reached skill level 7 in Axes
  4718 | D:5      | Reached skill level 1 in Invocations
  4829 | D:5      | 4829 ||| Stepping ~*~*~tactically~*~*~ (hiding).
  4833 | D:5      | 4833 ||| INVOKING Heroism.
  4878 | D:5      | 4878 ||| Stepping ~*~*~tactically~*~*~ (stealth).
  4880 | D:5      | 4880 ||| Stepping ~*~*~tactically~*~*~ (hiding).
  4883 | D:5      | 4883 ||| Stepping ~*~*~tactically~*~*~ (stealth).
  4884 | D:5      | 4884 ||| INVOKING Heroism.
  5448 | D:5      | Reached XP level 8. HP: 37/49 MP: 9/9
  5631 | D:5      | 5631 ||| DRINKING 2 pink potions.
  5806 | D:6      | Noticed Maggie
  5807 | D:6      | 5807 ||| Stepping ~*~*~tactically~*~*~ (hiding).
  5809 | D:6      | 5809 ||| Stepping ~*~*~tactically~*~*~ (hiding).
  5817 | D:6      | 5817 ||| INVOKING Heroism.
  5819 | D:6      | HP: 9/49 [Maggie/+1 morningstar of flaming (20)]
  5820 | D:6      | 5820 ||| READING scroll of teleportation.
  5820 | D:6      | Mangled by Maggie

Levels and vault maps discovered:
D:1:      evilmike_arrival_rings, layout_rooms
D:2:      layout_rooms, shapermc_ecumenical_altar_gd,
          nicolae_concentric_dashed_squares_wild
D:3:      layout_loops_ring, uniq_crazy_yiuf_cottage
D:4:      layout_rooms, minmay_temple_entry_glass
D:5:      layout_layer_cave
D:6:      layout_cave_pools, nicolae_overflow_hidden_temple, uniq_maggie
Temple:   hellmonk_temple_divided_pantheon

Skill      XL: |  1  2  3  4  5  6  7 |
---------------+----------------------+-----
Axes           | 2 3 4 5 7 |  7.2
Fighting       | 4 5 |  5.0
Dodging        | 1 |  1.4
Invocations    | 2 |  2.9
Armour         | |  3.2
Shields        | |  3.2

Action                   |  1- 3 |  4- 6 |  7- 9 || total
-------------------------+-------+-------+-------++-------
Melee: War axe           |   101 |   155 |   102 ||   358
Invok: Heroism           |       |       |     3 ||     3
  Use: Scroll            |     4 |     4 |     1 ||     9
       Potion            |       |     2 |     1 ||     3
Armor: Scale mail        |    54 |   104 |    40 ||   198
Dodge: Dodged            |    40 |    89 |    31 ||   160
Block: Buckler           |    17 |    20 |    12 ||    49

Table legend:
 A = Non-vault XP
 B = Vault XP
 C = Vault XP percentage of total XP
 D = Non-vault monster count
 E = Vault monster count
 F = Vault count percentage of total count
                 A         B        C        D         E       F
            +---------+---------+-------+---------+---------+-------
      Total |    1397 |       0 |   0.0 |      87 |       0 |   0.0
            +---------+---------+-------+---------+---------+-------
        D:1 |      40 |       0 |   0.0 |      15 |       0 |   0.0
        D:2 |      55 |       0 |   0.0 |      17 |       0 |   0.0
        D:3 |     121 |       0 |   0.0 |      23 |       0 |   0.0
        D:4 |     352 |       0 |   0.0 |      13 |       0 |   0.0
        D:5 |     734 |       0 |   0.0 |      16 |       0 |   0.0
        D:6 |      95 |       0 |   0.0 |       3 |       0 |   0.0
            +---------+---------+-------+---------+---------+-------
